 Dungeon Crawl Stone Soup version 0.23.2-1-ga50397a (webtiles) character file.

Game seed: 7655287647137328056

646 MalarOregon the Skirmisher (level 7, -7/61 HPs)
             Began as a Ghoul Warper on May 26, 2019.
             Mangled by an ogre
             ... wielding a +0 giant club
              (20 damage)
             ... on level 4 of the Dungeon.
             The game lasted 00:04:48 (2763 turns).

MalarOregon the Skirmisher (Ghoul Warper)           Turns: 2763, Time: 00:04:49

Health: -7/61      AC:  5    Str: 15    XL:     7   Next: 52%
Magic:  8/8        EV: 11    Int: 10    God:
Gold:   165        SH:  0    Dex:  8    Spells: 9/9 levels left

rFire    . . .     SeeInvis .   c - +2 short sword (elec)
rCold    + . .     Gourm    .   (no shield)
rNeg     + + +     Faith    .   b - +1 leather armour
rPois    ∞         Spirit   .   (no helmet)
rElec    .         Reflect  .   (no cloak)
rCorr    .         Harm     .   (no gloves)
MR       .....                  w - +0 pair of boots
Stlth    +.........             (no amulet)
HPRegen  0.00/turn              s - +4 ring of slaying
MPRegen  0.11/turn              o - ring of positive energy

@: rotting
A: rotting body, claws 1, carnivore, cold resistance 1, negative energy
resistance 3, inhibited regeneration, torment resistance, unbreathing
a: no special abilities


You were on level 4 of the Dungeon.
You were not hungry.

You visited 1 branch of the dungeon, and saw 4 of its levels.
You also visited: Sewer.

You collected 165 gold pieces.

Inventory:

Hand Weapons
 a - a +0 falchion
 c - a +2 short sword of electrocution (weapon)
   (You took it off a kobold on level 2 of the Dungeon)
 p - a +1 short sword of draining
   (You took it off a kobold on level 2 of the Dungeon)
Missiles
 f - 5 tomahawks of dispersal (quivered) {!f}
Armour
 b - a +1 leather armour (worn)
 w - a +0 pair of boots (worn)
   (You found it on level 3 of the Dungeon)
Jewellery
 o - a ring of positive energy (right claw)
   (You found it on level 3 of the Dungeon)
 s - a +4 ring of slaying (left claw)
   (You found it on level 3 of the Dungeon)
Scrolls
 d - a scroll of blinking
 h - 3 scrolls of remove curse {@r2}
 j - 4 scrolls of teleportation {@r4}
 q - 4 scrolls of identify {@r1}
Potions
 g - 3 potions of heal wounds {@q2}
 i - a potion of mutation {unknown}
 l - a potion of haste {unknown}
 m - a potion of resistance {unknown}
 n - 6 potions of curing {unknown}
 r - a potion of might {unknown}
 t - 2 potions of brilliance {unknown}
 u - 5 potions of flight {unknown}
 v - 2 potions of agility {unknown}
Comestibles
 e - 7 rations {!d}


   Skills:
 + Level 5.4 Fighting
 * Level 5.2(5.6) Short Blades
 - Level 2.9(4.4) Long Blades
 - Level 0.8 Throwing
 - Level 0.8 Armour
 - Level 1.7 Dodging
 - Level 1.7 Spellcasting
   Level 2.6 Translocations


You had 9 spell levels left.
You didn't know any spells.
Your spell library contained the following spells:

 Spells                   Type           Power        Failure   Level  Hunger
 Blink                    Tloc           N/A          21%         2    ###....
 Shroud of Golubria       Chrm/Tloc      #.........   34%         2    ###....
 Gell's Gravitas          Tloc           #.........   36%         3    ####...
 Lesser Beckoning         Tloc           #.........   36%         3    ####...
 Teleport Other           Tloc           #.......     36%         3    ####...
 Passage of Golubria      Tloc           N/A          78%         4    #####..


Dungeon Overview and Level Annotations

Branches:
Dungeon (4/15)
 Temple: D:4-7

Altars:
Qazlal


Innate Abilities, Weirdness & Mutations

Your body is rotting away.
You thrive on raw meat.
You are immune to poison.
You have sharp fingernails.
You are carnivorous and can eat meat at any time.
Your flesh is cold resistant. (rC+)
You are immune to negative energy. (rN+++)
You do not regenerate when monsters are visible.
You are immune to unholy pain and torment.
You can survive without breathing.


Message History

A bat is nearby!
The bat closely misses you.
You barely miss the bat. The bat hits you but does no damage. x2
You hit the bat. Lightning courses through the bat!
You kill the bat!
No target in view!
Wear which item? (? for menu, Esc to quit)
You start putting on your armour.
You continue putting on your pair of boots. x4
You finish putting on your +0 pair of boots.
You feel your flesh rotting away.
Eating one of 4 chunks of flesh.
You eat one of the 4 chunks of flesh.
You feel more resilient.
This raw flesh tastes great!
You feel your flesh rotting away.
Eating one of 3 chunks of flesh.
You eat one of the 3 chunks of flesh.
You feel more resilient.
This raw flesh tastes great!
You feel your flesh rotting away.
Eating one of 2 chunks of flesh.
You eat one of the 2 chunks of flesh.
You feel more resilient.
This raw flesh tastes great!
Done exploring.
Done exploring.
Done exploring.
Done exploring.
No target in view!
No target in view!
Done exploring.
There is a stone staircase leading down here.
There is an escape hatch in the ceiling here.
Really go through this one-way escape hatch?
A mysterious force pulls you upwards. The hatch slams shut behind you.
There is a stone staircase leading down here.
You climb downwards.
There is a stone staircase leading up here.
There is a stone staircase leading down here.
You climb downwards.
An ogre comes into view. It is wielding a +0 giant club.
The ogre shouts!
Found a sedimented brown potion.
There is a stone staircase leading up here.
An ogre is nearby!
An ogre is nearby!
You puncture the ogre!
The ogre hits you with a +0 giant club!!
You puncture the ogre! Lightning courses through the ogre!
The ogre hits you with a +0 giant club!!
* * * LOW HITPOINT WARNING * * *
All of the chunks of flesh in your inventory have rotted away.
You hit the ogre.
The ogre hits you with a +0 giant club!!
You die...

#... ####
#...+....#
#...#....# +##.
#...##...# ....
#...##...##..#
#............##
#.............#
#...@O........#
#...##..<###.
#...##...###.
#..............
#..............
#...##....##...
#...##....# .#
#........... .
#.......!....


You could see an ogre.

Vanquished Creatures
  Sigmund (D:2)
  3 big kobolds (Sewer)
  Terence (D:2)
  5 adders
  10 river rats
  2 oozes
  An adder zombie (D:1)
  4 worms
  2 dart slugs
  A leopard gecko (D:2)
  An orc (D:3)
  8 giant cockroaches
  9 goblins
  5 hobgoblins
  5 jackals (D:1)
  2 quokkas (D:2)
  9 ball pythons
  10 bats
  6 frilled lizards
  A giant cockroach zombie (D:1)
  23 kobolds
  24 rats
133 creatures vanquished.

Notes
Turn   | Place    | Note
-------+----------+-------------------------------------------
     0 | D:1      | MalarOregon the Ghoul Warper began the quest for the Orb.
     0 | D:1      | Reached XP level 1. HP: 17/17 MP: 2/2
   123 | D:1      | Reached XP level 2. HP: 25/25 MP: 3/3
   250 | D:1      | Reached XP level 3. HP: 20/30 MP: 4/4
   789 | D:2      | Noticed Terence
   795 | D:2      | Noticed Sigmund
   801 | D:2      | Killed Terence
   801 | D:2      | Reached skill level 1 in Short Blades
   801 | D:2      | Reached XP level 4. HP: 25/38 MP: 5/5
   809 | D:2      | Killed Sigmund
   809 | D:2      | Reached XP level 5. HP: 24/46 MP: 6/6
  1042 | D:2      | Reached XP level 6. HP: 50/52 MP: 7/7
  1530 | D:3      | Found a stormy altar of Qazlal.
  1682 | D:3      | Found a glowing drain.
  1882 | Sewer    | Entered a sewer
  2054 | Sewer    | Reached XP level 7. HP: 51/60 MP: 8/8
  2153 | Sewer    | Reached skill level 5 in Fighting
  2203 | Sewer    | Reached skill level 5 in Short Blades
  2763 | D:4      | Mangled by an ogre

Skill      XL: |  1  2  3  4  5  6  7 |
---------------+----------------------+-----
Long Blades    | 2 |  2.9
Fighting       | 3 4 5 |  5.4
Short Blades   | 1 3 4 5 |  5.2
Throwing       | |  0.8
Armour         | |  0.8
Dodging        | |  1.7
Spellcasting   | |  1.7
Translocations | |  2.6

Action                   |  1- 3 |  4- 6 |  7- 9 || total
-------------------------+-------+-------+-------++-------
Melee: Falchion          |    81 |       |       ||    81
       Short sword       |    17 |   141 |    67 ||   225
  Use: Scroll            |       |     7 |       ||     7
  Eat: Chunk             |     6 |     2 |     4 ||    12
Armor: Leather armour    |    29 |    39 |    20 ||    88
Dodge: Dodged            |    83 |    95 |    40 ||   218
       Rpst.: Falchion   |    25 |       |       ||    25
